 Dungeon Sprint DCSS version 0.31-a0-18-gea43df2a32 (webtiles) character file.

Game seed: 17312177158195774768

13128 sircluck the Brawler (level 11, -2/126 HPs)
             Began as a Troll Berserker on May 11, 2023.
             Was a High Priest of Trog.
             Engulfed by a cloud of freezing vapour (11 damage)
             ... in the Dungeon (Sprint II: "The Violet Keep of Menkaure").
             The game lasted 00:08:04 (1539 turns).

sircluck the Brawler (Troll Berserker)              Turns: 1539, Time: 00:08:05

Health: -2/126     AC:  4    Str: 37    XL:     11   Next: 71%
Magic:  10/10      EV: 12    Int:  3    God:    Trog [*****.]
Gold:   902        SH:  7    Dex:  9    Spells: 10/10 levels left

rFire   . .          .
                       - Unarmed
rCold   + . .        c - +0 kite shield
rNeg    . . .        a - +0 animal skin
rPois   .            q - +0 hat {Stlth+}
rElec   +            (no cloak)
rCorr   .            (gloves unavailable)
SInv    .            (boots unavailable)
Will    ++...        x - amulet of the Air {Inacc Air Fly rElec RMsl}
Stlth   +++          u - ring of protection from cold
HPRegen 2.21/turn    j - +6 ring of strength
MPRegen 0.12/turn

%: no teleportation, repel missiles
@: strong-willed, flying, regenerating
A: large, unfitting armour, claws 3, regeneration 1, shaggy fur 1, tough skin 1
a: Renounce Religion, Berserk, Trog's Hand, Brothers in Arms


You were in the Dungeon.
You worshipped Trog.
Trog was extremely pleased with you.
You visited 1 branch You collected 1903 gold pieces.
You spent 1001 gold pieces at shops.

Inventory:

Missiles
 n - 41 stones (quivered)
Armour
 a - a +0 animal skin (worn)
 c - a +0 kite shield (worn)
 q - a +0 hat of stealth (worn)
Jewellery
 j - a +6 ring of strength (right claw)
 u - a ring of protection from cold (left claw)
 v - a ring of resist corrosion
 x - the amulet of the Air (around neck) {Inacc Air Fly rElec RMsl}
   (You bought it in a shop in the Dungeon)

   [amulet of nothing]

   Inacc:     It reduces the accuracy of your attacks and spells.
   Air:       It enhances your air magic.
   rElec:     It insulates you from electricity.
   Fly:       It grants you flight.
   RMsl:      It protects you from missiles.
 z - a ring of protection from cold
 B - a ring of protection from fire
 C - a ring of willpower
 D - a ring of poison resistance
Wands
 y - a wand of digging (8)
 A - a wand of roots (3)
Scrolls
 b - 2 scrolls of fog
 g - 2 scrolls of identify
 h - a scroll of torment {unknown}
 k - 3 scrolls of immolation
 l - 6 scrolls of acquirement {unknown}
 m - a scroll of magic mapping {unknown}
 o - 2 scrolls of poison {unknown}
 t - a scroll of silence {unknown}
 w - a scroll of summoning {unknown}
Potions
 d - a potion of haste
 e - 5 potions of magic
 f - a potion of berserk rage
 i - 8 potions of flight
 p - a potion of cancellation {unknown}
 r - 3 potions of resistance {unknown}
 s - a potion of degeneration {unknown}


   Skills:
 + Level 12.8 Fighting
 + Level 13.4 Dodging
 + Level 1.8 Stealth
 + Level 3.0 Shields
 + Level 20.2 Unarmed Combat


You had 10 spell levels left.
You didn't know any spells.
Your spell library was empty.

Dungeon Overview and Level Annotations

Branches:
Dungeon (1/1)

Altars:
Cheibriados
Dithmenos
Elyvilon
Fedhas
Gozag
Hepliaklqana
Kikubaaqudgha
Makhleb
Nemelex Xobeh
Okawaru
Qazlal
Ru
Sif Muna
Trog
Uskayaw
Vehumet
Wu Jian
Xom
Yredelemnul
Zin
The Shining One
Jiyva
Lugonu

Shops:
D :[:?[:=:!([?!:=([=:

Annotations:
D exclusion: oklob plant


Innate Abilities, Weirdness & Mutations

You are too large for most types of armour.
You have claws for hands.
Your natural rate of healing is unusually fast.
You are covered in fur. (AC +1)
You have tough skin. (AC +1)


Message History

The ice statue gestures.
You closely miss the ice beast.
The ice beast is moderately wounded.
You are engulfed in freezing vapours.
You resist. The ice beast hits you. The ice beast freezes you. You resist.
You closely miss the ice beast.
The ice beast is moderately wounded.
You are engulfed in freezing vapours.
You resist.
You eviscerate the ice beast!!!
You kill the ice beast!
The ice beast disappears in a puff of smoke!
You are engulfed in freezing vapours.
You resist.
* * * LOW HITPOINT WARNING * * *
The ice statue glitters chillingly in the dim dungeon light.
The ice statue gestures.
You claw the ice statue!
The ice statue is lightly damaged.
You are engulfed in freezing vapours.
You resist.
* * * LOW HITPOINT WARNING * * *
You block the ice beast's attack.
You mangle the ice statue!!
The ice statue is heavily damaged.
You are engulfed in freezing vapours.
You resist.
* * * LOW HITPOINT WARNING * * *
The ice statue gestures at you.
The freezing blast is repelled.
The ice beast completely misses you.
You eviscerate the ice statue!!!
You destroy the ice statue!
Trog accepts your kill.
The ice beast disappears in a puff of smoke! x2
You are engulfed in freezing vapours.
You resist.
* * * LOW HITPOINT WARNING * * *
You are engulfed in freezing vapours.
You resist.
* * * LOW HITPOINT WARNING * * *
You are engulfed in freezing vapours.
You resist.
* * * LOW HITPOINT WARNING * * *
Your skin crawls.
You feel strong-willed.
You are engulfed in freezing vapours.
You resist.
You die...

_._._.#§~§§§~#
._._..#§§≈§≈≈▓
_._._.#§§§≈▓▓▓▓
#######~§§§▓zz.
~~~~~§§≈≈§§▓zz.
#######≈▓▓▓▓▓▓▓▓▓
:..|.:#▓▓.°.○...▓▓
..|||.#▓....○○○.○▓▓
.:.[.:'..○.°○°°.@○+
.[:.|.##°○○○☼°.○°##
)...[.###.☼○○☼☼.##
.|.)..# #########
#######


There were no monsters in sight!

Vanquished Creatures
  Gastronok (D)
  Roxanne (D)
  A dire elephant (D)
  2 boulder beetles (D)
  3 sixfirhies (D)
  3 orc sorcerers (D)
  A merfolk siren (D)
  An ice statue (D)
  A yaktaur (D)
  3 polar bears (D)
  A hornet (D)
  2 wyverns (D)
  12 flying skulls (D)
  Menkaure (D)
  3 water moccasins (D)
  5 scorpions (D)
  A jelly (D)
42 creatures vanquished.

Vanquished Creatures (collateral kills)
  A kraken (D)
  Nessos (D)
  3 tentacles (D)
5 creatures vanquished.

Vanquished Creatures (others)
  A water moccasin (D)
  5 tentacles (D)
6 creatures vanquished.

Grand Total: 53 creatures vanquished

Notes
Turn   | Place    | Note
-------+----------+-------------------------------------------
     0 | D        | sircluck the Troll Berserker began the quest for the Orb.
     0 | D        | Reached XP level 1. HP: 22/22 MP: 0/0
     1 | D        | Noticed a boulder beetle
     1 | D        | Noticed a boulder beetle
     5 | D        | Noticed a merfolk siren
    14 | D        | Killed a merfolk siren
    15 | D        | Reached skill level 8 in Unarmed Combat
    15 | D        | Reached XP level 2. HP: 23/37 MP: 1/1
    15 | D        | Reached XP level 3. HP: 28/45 MP: 2/2
    15 | D        | Reached XP level 4. HP: 34/53 MP: 3/3
    15 | D        | Reached XP level 5. HP: 39/61 MP: 4/4
    15 | D        | Reached XP level 6. HP: 44/68 MP: 5/5
    78 | D        | Reached ** piety under Trog
    79 | D        | Reached skill level 9 in Unarmed Combat
    86 | D        | Reached XP level 7. HP: 66/78 MP: 6/6
   118 | D        | Noticed a wyvern
   118 | D        | Noticed a wyvern
   122 | D        | Killed a wyvern
   122 | D        | Reached *** piety under Trog
   123 | D        | Reached skill level 10 in Unarmed Combat
   123 | D        | Killed a wyvern
   176 | D        | Killed a boulder beetle
   177 | D        | Reached skill level 12 in Unarmed Combat
   177 | D        | Reached XP level 8. HP: 71/92 MP: 7/7
   203 | D        | Killed a boulder beetle
   204 | D        | Reached skill level 10 in Dodging
   204 | D        | Reached skill level 13 in Unarmed Combat
   204 | D        | Reached XP level 9. HP: 59/101 MP: 8/8
   228 | D        | Found Posurhol's Jewellery Shoppe.
   228 | D        | Found Amimeowu's Antique Weapon Shoppe.
   228 | D        | Found Wonuiss's Distillery.
   228 | D        | Found Zannum's Book Emporium.
   228 | D        | Found Ciunouf's Antique Armour Shoppe.
   228 | D        | Found Idadut's Magic Scroll Shoppe.
   229 | D        | Found Caeps's Distillery.
   266 | D        | Found Eroromot's Book Shoppe.
   266 | D        | Found Howk's Jewellery Emporium.
   267 | D        | Found Itelalyw's Antique Armour Emporium.
   268 | D        | Found Henekil's Antique Armour Shoppe.
   268 | D        | Found Asaew's Magic Scroll Emporium.
   268 | D        | Noticed Menkaure
   268 | D        | Noticed an oklob plant
   286 | D        | Killed Menkaure
   286 | D        | Reached **** piety under Trog
   292 | D        | Found Bellaplimeps's Armour Shoppe.
   292 | D        | Found Siuje's Book Emporium.
   292 | D        | Found Deodushanu's Book Shoppe.
   344 | D        | Noticed a fire dragon
   361 | D        | Reached skill level 10 in Fighting
   375 | D        | Bought a potion of flight for 42 gold pieces
   375 | D        | Bought a potion of flight for 42 gold pieces
   378 | D        | Bought a +6 ring of strength for 504 gold pieces
   399 | D        | Reached ***** piety under Trog
   400 | D        | Reached skill level 14 in Unarmed Combat
   513 | D        | Reached skill level 15 in Unarmed Combat
   519 | D        | Reached XP level 10. HP: 111/111 MP: 9/9
   586 | D        | Received a gift from Trog
   623 | D        | Found a snail-covered altar of Cheibriados.
   623 | D        | Found a hazy altar of Hepliaklqana.
   624 | D        | Found a shadowy altar of Dithmenos.
   624 | D        | Found a viscous altar of Jiyva.
   624 | D        | Found a stormy altar of Qazlal.
   625 | D        | Found a white marble altar of Elyvilon.
   625 | D        | Found an ancient bone altar of Kikubaaqudgha.
   625 | D        | Found a sacrificial altar of Ru.
   626 | D        | Found a blossoming altar of Fedhas.
   626 | D        | Found a corrupted altar of Lugonu.
   626 | D        | Found a shimmering blue altar of Sif Muna.
   626 | D        | Found an ornate altar of the Wu Jian Council.
   627 | D        | Found a burning altar of Makhleb.
   627 | D        | Found an opulent altar of Gozag.
   627 | D        | Found a bloodstained altar of Trog.
   627 | D        | Found a shimmering altar of Xom.
   638 | D        | Found a sparkling altar of Nemelex Xobeh.
   638 | D        | Found a hide-covered altar of Uskayaw.
   639 | D        | Found an iron altar of Okawaru.
   639 | D        | Found a radiant altar of Vehumet.
   639 | D        | Found a glowing silver altar of Zin.
   685 | D        | Reached skill level 16 in Unarmed Combat
   766 | D        | Found a basalt altar of Yredelemnul.
   773 | D        | Noticed a kraken
   785 | D        | Killed a kraken
   786 | D        | Reached skill level 17 in Unarmed Combat
   933 | D        | Found a glowing golden altar of the Shining One.
  1009 | D        | Noticed Roxanne
  1014 | D        | Noticed a sixfirhy
  1017 | D        | Noticed a sixfirhy
  1032 | D        | Killed Roxanne
  1032 | D        | Reached ****** piety under Trog
  1032 | D        | Received a gift from Trog
  1033 | D        | Noticed a sixfirhy
  1040 | D        | Found Runur's Book Shoppe.
  1041 | D        | Found Zajur's Jewellery Boutique.
  1053 | D        | Bought the amulet of the Air {Inacc Air Fly rElec RMsl} for
                  | 413 gold pieces
  1053 | D        | Found the amulet of the Air {Inacc Air Fly rElec RMsl}
  1081 | D        | Found Tolyozau's Weapon Emporium.
  1083 | D        | Found Zinwey's Book Shoppe.
  1085 | D        | Noticed Nessos
  1108 | D        | Killed Nessos
  1109 | D        | Reached skill level 1 in Shields
  1109 | D        | Reached skill level 18 in Unarmed Combat
  1109 | D        | Reached XP level 11. HP: 26/123 MP: 10/10
  1197 | D        | Killed a sixfirhy
  1198 | D        | Killed a sixfirhy
  1198 | D        | Received a gift from Trog
  1201 | D        | Killed a sixfirhy
  1202 | D        | Reached skill level 1 in Stealth
  1237 | D        | Noticed Gastronok
  1245 | D        | Killed Gastronok
  1246 | D        | Reached skill level 19 in Unarmed Combat
  1318 | D        | Noticed a dire elephant
  1318 | D        | Noticed an orc sorcerer
  1318 | D        | Noticed an orc sorcerer
  1318 | D        | Noticed an orc sorcerer
  1331 | D        | Killed a dire elephant
  1342 | D        | Killed an orc sorcerer
  1344 | D        | Killed an orc sorcerer
  1345 | D        | Killed an orc sorcerer
  1346 | D        | Reached skill level 20 in Unarmed Combat
  1348 | D        | Found the +3 pair of mountain boots {steadfast, rC+}
  1370 | D        | Identified the +9 short sword "Foyt" {heavy, Int+5 Stlth-}
  1377 | D        | Identified the staff of earth "Rutrom" {rF++ Str+2 Stlth-}
  1383 | D        | Identified the +4 plate armour "Maf Fudo" {Will- Int+4}
  1393 | D        | Identified the staff of poison "Logu" {rPois rCorr Int-2
                  | Stlth+}
  1395 | D        | Identified the staff of air "Gekhir" {rElec Dex+3}
  1539 | D        | Engulfed by a cloud of freezing vapour

Illustrated notes

Levels and vault maps discovered:
D:        the_violet_keep_of_menkaure [sprint2_stairs_cluster_1,
          sprint2_shoproom, sprint2_temple, sprint2_basic_supplies,
          sprint2_obstacle_4, sprint2_obstacle_6, sprint2_obstacle_1,
          sprint2_obstacle_3, sprint2_obstacle_2, sprint2_timed_cluster_1,
          sprint2_smallroom_cluster_1, sprint2_smallroom_final_cluster_1,
          sprint2_transparent_cluster_1, sprint2_second_timed_cluster_1,
          sprint2_sniper_area_1, sprint2_heavy_combat_area_1,
          sprint2_mutation_trap_area_1, sprint2_forest_area_1,
          sprint2_light_combat_area_1, sprint2_behind_water_1,
          sprint2_near_end_vault_1]

Skill      XL: |  1  2  3  4  5  6  7  8  9 10 11 |
---------------+----------------------------------+-----
Fighting       | 6 7 9 10 12 | 12.8
Dodging        | 6 7 9 10 11 12 13 | 13.4
Unarmed Combat | 8 9 12 13 15 18 20 | 20.2
Shields        | 1 3 |  3.0
Stealth        | 1 |  1.8

Action                     |  1- 3 |  4- 6 |  7- 9 | 10-12 || total
---------------------------+-------+-------+-------+-------++-------
  Melee: Unarmed           |     5 |    10 |    48 |   107 ||   170
         Punch             |       |     1 |     5 |       ||     6
 Invoke: Berserk           |     1 |       |     1 |     3 ||     5
         Brothers in Arms  |       |       |       |     3 ||     3
         Trog's Hand       |       |       |       |     2 ||     2
    Use: Potion            |       |       |     2 |     2 ||     4
         Scroll            |       |       |     1 |     4 ||     5
   Stab: Sleeping          |       |       |       |     1 ||     1
 Armour: Animal skin       |       |     3 |     6 |    22 ||    31
  Dodge: Dodged            |       |     6 |    36 |    27 ||    69
         Repelled          |       |       |       |     1 ||     1
  Block: Kite shield       |       |       |       |    14 ||    14

Table legend: (Time is in decaauts)
 A = Elapsed time spent in this place.
 B = Non-inter-level travel time spent in this place.
 C = Inter-level travel time spent in this place.
 D = Time resting spent in this place.
 E = Time spent auto-exploring this place.
 F = Levels seen in this place.
 G = Mean time per level.
                   A        B        C        D        E       F      G
               +--------+--------+--------+--------+--------+-----+--------+
         Total |   1540 |   1451 |     89 |    747 |    141 |   1 | 1540.0 |
       Dungeon |   1540 |   1451 |     89 |    747 |    141 |   1 | 1540.0 |
               +--------+--------+--------+--------+--------+-----+--------+

Top non-repeatable levels by time:
       D: 1540 daAuts
